 Dungeon Crawl Stone Soup version 0.31-a0-188-g5e087ee2ca (webtiles) character file.

Game seed: 12532626785273447471

248 qw the Skirmisher (level 5, 0/29 HPs)
             Began as a Deep Elf Hunter on June 22, 2023.
             Slain by a quokka (3 damage)
             ... summoned by Eustachio
             ... on level 4 of the Dungeon.
             The game lasted 00:00:57 (2055 turns).

qw the Skirmisher (Deep Elf Hunter)                 Turns: 2055, Time: 00:00:58

Health: 0/29       AC:  6    Str: 14      XL:     5   Next: 86%
Magic:  7/7        EV: 12    Int: 13 (14) God:
Gold:   132        SH:  0    Dex: 19 (20) Spells: 4/4 levels left

rFire   + + .        Y - +1 shortbow
rCold   + . .        (shield currently unavailable)
rNeg    . . .        i - +0 ring mail
rPois   +            (no helmet)
rElec   .            (no cloak)
rCorr   .            (no gloves)
SInv    +            g - +0 pair of boots
Will    .....        (no amulet)
Stlth   +            l - ring "Saiwk" {rF++ Str+6}
HPRegen 0.24/turn    j - ring of see invisible
MPRegen 0.10/turn

%: no passive effects
@: brilliant
A: cold resistance 1, deterioration 1, poison resistance
a: no special abilities


You were on level 4 of the Dungeon.
You visited 1 branch of the dungeon, and saw 4 of its levels.

You collected 132 gold pieces.


Innate Abilities, Weirdness & Mutations

Your flesh is cold resistant. (rC+)
Your body sometimes deteriorates upon taking damage.
Your system is resistant to poisons. (rPois)


   Skills:
 + Level 1.5 Fighting
 - Level 9.2 Ranged Weapons
 - Level 3.1 Dodging
 - Level 1.2 Stealth


You had 4 spell levels left.
You didn't know any spells.
Your spell library was empty.

Inventory:

Hand Weapons
 Y - a +1 shortbow (weapon)
Armour
 g - a +0 pair of boots (worn)
 i - a +0 ring mail (worn)
Jewellery
 d - a +6 ring of strength
 j - a ring of see invisible (right hand)
 l - the ring "Saiwk" (left hand) {rF++ Str+6}
   (You found it on level 3 of the Dungeon)

   [ring of strength]

   Str:       It affects your strength (+6).
   rF:        It greatly protects you from fire.
Scrolls
 f - a scroll of identify
Potions
 a - a potion of curing
 c - a potion of haste
 e - a potion of invisibility {unknown}

Dungeon Overview and Level Annotations

Branches:
Dungeon (4/15)
 Temple: D:4-7

Altars:
Yredelemnul

Annotations:
D:4 Eustachio


Message History

Your Dodging skill increases to level 3!
You shoot an arrow. The arrow hits Eustachio.
Eustachio is lightly wounded.
The quokka bites you but does no damage.
The gnoll hits you but does no damage. Eustachio barely misses you.
You shoot an arrow. The arrow closely misses Eustachio.
The arrow barely misses the gnoll.
The quokka misses you. The gnoll closely misses you.
Eustachio hits you with a +0 rapier.
Your body deteriorates!
You feel clumsy.
The quokka bites you but does no damage.
You shoot an arrow. The arrow hits Eustachio.
Eustachio is lightly wounded.
The gnoll barely misses you. Eustachio hits you with a +0 rapier.
The quokka bites you.
You shoot an arrow. The arrow barely misses Eustachio.
The arrow hits the gnoll.
The gnoll is severely wounded.
The gnoll barely misses you. Eustachio misses you.
The quokka twitches its whiskers.
The quokka bites you but does no damage.
The gnoll misses you.
Eustachio gestures wildly while chanting.
You shoot an arrow. The arrow hits Eustachio.
Eustachio is moderately wounded.
The quokka bites you.
The quokka bites you but does no damage.
The gnoll completely misses you.
Eustachio mumbles some strange words.
Eustachio blinks!
You shoot an arrow.
The arrow closely misses the crimson imp.
The arrow hits Eustachio but does no damage.
Eustachio is moderately wounded.
The quokka closely misses you.
The crimson imp hits you but does no damage.
The gnoll hits you from afar with a +0 spear.
You shoot an arrow. The arrow hits the crimson imp.
The crimson imp is lightly wounded.
The quokka bites you.
You die...

...........
######.........
...............
#...............
#...........#...
#..........## .
#.........g#
#........r)#
#.......@5@#
#.........<#
#..?(......#
#..........#
############


You could see Eustachio, a gnoll, a crimson imp (summoned) and a quokka
(summoned).

Vanquished Creatures
  A phantom (D:4)
  2 scorpion zombies (D:3)
  An adder (D:3)
  3 gnolls (D:4)
  3 worms (D:2)
  A dart slug (D:2)
  2 orcs
  6 ball pythons
  4 bats
  8 endoplasms
  2 giant cockroaches
  7 goblins
  13 hobgoblins
  6 kobolds
  3 quokkas
  2 frilled lizards
  8 rats
72 creatures vanquished.

Notes
Turn   | Place    | Note
-------+----------+-------------------------------------------
     0 | D:1      | qw the Deep Elf Hunter began the quest for the Orb.
     0 | D:1      | Reached XP level 1. HP: 12/12 MP: 3/3
     0 | D:1      | 0 ||| qw: Version: 0.3-a-9-g12657ce
     0 | D:1      | 0 ||| qw: Game counter: 2964
     0 | D:1      | 0 ||| qw: Always use a shield: true
     0 | D:1      | 0 ||| qw: God list: Okawaru
     0 | D:1      | 0 ||| qw: Allow faded altars: false
     0 | D:1      | 0 ||| qw: Do Orc after D:15 true
     0 | D:1      | 0 ||| qw: Do second Lair branch before Depths: true
     0 | D:1      | 0 ||| qw: Lair rune preference: random
     0 | D:1      | 0 ||| qw: Plans: Normal
     0 | D:1      | 0 ||| PLANNING D:1-11
     8 | D:1      | Noticed a snapping turtle
     8 | D:1      | Noticed a wolf
     9 | D:1      | Noticed a water moccasin
   139 | D:1      | Reached XP level 2. HP: 16/16 MP: 4/4
   140 | D:1      | Reached skill level 6 in Ranged Weapons
   685 | D:1      | 685 ||| UPGRADING to +0 pair of boots.
   690 | D:1      | 690 ||| UPGRADING to +0 ring mail.
   700 | D:1      | 700 ||| DROPPING +0 leather armour.
   701 | D:1      | 701 ||| DROPPING ring of wizardry.
   702 | D:1      | 702 ||| UPGRADING to +6 ring of strength.
   703 | D:1      | 703 ||| READING scroll labelled RASYPOKLICS.
   704 | D:1      | 704 ||| READING scroll labelled PET JEUM RYEB.
   705 | D:1      | 705 ||| READING 2 scrolls labelled ENERGH HUCKAIPTES.
   706 | D:1      | 706 ||| READING scroll labelled GICOAT GICRE.
   707 | D:1      | 707 ||| DROPPING scroll of butterflies.
   759 | D:2      | Reached XP level 3. HP: 20/20 MP: 5/5
   855 | D:2      | 855 ||| FLEEEEING.
   856 | D:2      | 856 ||| FLEEEEING.
   859 | D:2      | 859 ||| FLEEEEING.
   872 | D:2      | 872 ||| FLEEEEING.
   873 | D:2      | 873 ||| FLEEEEING.
   874 | D:2      | 874 ||| FLEEEEING.
   875 | D:2      | 875 ||| FLEEEEING.
   876 | D:2      | 876 ||| FLEEEEING.
   877 | D:2      | 877 ||| FLEEEEING.
   878 | D:2      | 878 ||| FLEEEEING.
   879 | D:2      | 879 ||| FLEEEEING.
   887 | D:2      | Reached skill level 7 in Ranged Weapons
  1075 | D:2      | HP: 5/20 [worm (3)]
  1076 | D:2      | HP: 1/20 [worm (4)]
  1398 | D:2      | 1398 ||| UPGRADING to ring of see invisible.
  1399 | D:2      | 1399 ||| READING scroll labelled PORUAGRIRPHU.
  1400 | D:2      | 1400 ||| READING scroll labelled KYLEIHEOGA.
  1547 | D:3      | Reached XP level 4. HP: 21/25 MP: 6/6
  1855 | D:3      | Reached skill level 8 in Ranged Weapons
  1860 | D:3      | Reached XP level 5. HP: 29/29 MP: 7/7
  1864 | D:3      | Found a basalt altar of Yredelemnul.
  1973 | D:3      | Identified the ring "Saiwk" {rF++ Str+6}
  1991 | D:3      | 1991 ||| UPGRADING to ring "Saiwk" {rF++ Str+6}.
  1993 | D:3      | 1993 ||| READING scroll labelled OWNUTYSIAKK.
  1994 | D:3      | 1994 ||| DRINKING 2 orange potions.
  1994 | D:3      | Gained mutation: You have sharp toenails. [potion of
                  | mutation]
  1994 | D:3      | Gained mutation: You are frail. (-10% HP) [potion of
                  | mutation]
  1994 | D:3      | Gained mutation: You have a pair of small horns on your
                  | head. [potion of mutation]
  1995 | D:3      | 1995 ||| DRINKING potion of mutation.
  1995 | D:3      | Lost mutation: You have sharp toenails. [potion of
                  | mutation]
  1995 | D:3      | Lost mutation: You have a pair of small horns on your head.
                  | [potion of mutation]
  1995 | D:3      | Lost mutation: You are frail. (-10% HP) [potion of
                  | mutation]
  1995 | D:3      | Gained mutation: Your flesh is cold resistant. (rC+)
                  | [potion of mutation]
  1995 | D:3      | Gained mutation: Your system is resistant to poisons.
                  | (rPois) [potion of mutation]
  1995 | D:3      | Gained mutation: Your body sometimes deteriorates upon
                  | taking damage. [potion of mutation]
  2004 | D:3      | 2004 ||| DRINKING 2 purple potions.
  2005 | D:3      | 2005 ||| READING 3 scrolls of identify.
  2005 | D:3      | 2005 ||| IDENTIFYING grey potion
  2006 | D:3      | 2006 ||| READING 2 scrolls of identify.
  2006 | D:3      | 2006 ||| IDENTIFYING metallic ruby potion
  2007 | D:3      | 2007 ||| DROPPING potion of brilliance.
  2027 | D:4      | Noticed a phantom
  2037 | D:4      | Noticed Eustachio
  2040 | D:4      | Killed a phantom
  2041 | D:4      | Reached skill level 9 in Ranged Weapons
  2049 | D:4      | Reached skill level 3 in Dodging
  2051 | D:4      | HP: 6/29 [quokka[Eustachio] (4)]
  2054 | D:4      | HP: 2/29 [gnoll/+0 spear (2)]
  2055 | D:4      | Slain by a quokka

Levels and vault maps discovered:
D:1:      onia_arrival_zoo_common, layout_loops_ring
D:2:      layout_loops_cross
D:3:      layout_rooms, lemuel_zombie_altar_yredelemnul
D:4:      layout_rooms, kennysheep_little_box,
          chequers_temple_overflow_statue_of_worship, serial_shops,
          kennysheep_mini_moat, kennysheep_decorative_pillar, minmay_between,
          uniq_eustachio

Skill      XL: |  1  2  3  4  5 |
---------------+----------------+-----
Ranged Weapons | 6 7 8 9 |  9.2
Dodging        | 3 |  3.1
Fighting       | |  1.5
Stealth        | |  1.2

Action                     |  1- 3 |  4- 6 || total
---------------------------+-------+-------++-------
   Fire: Shortbow          |   150 |    86 ||   236
    Use: Scroll            |     6 |     3 ||     9
         Potion            |       |     3 ||     3
 Armour: Leather armour    |     2 |       ||     2
         Ring mail         |    19 |    18 ||    37
  Dodge: Dodged            |    31 |    39 ||    70

Table legend:
 A = Non-vault XP
 B = Vault XP
 C = Vault XP percentage of total XP
 D = Non-vault monster count
 E = Vault monster count
 F = Vault count percentage of total count
                 A         B        C        D         E       F
            +---------+---------+-------+---------+---------+-------
      Total |     287 |      68 |  19.2 |      70 |       2 |   2.8
            +---------+---------+-------+---------+---------+-------
        D:1 |      34 |       0 |   0.0 |      20 |       0 |   0.0
        D:2 |      57 |       0 |   0.0 |      26 |       0 |   0.0
        D:3 |      45 |      68 |  60.2 |      19 |       2 |   9.5
        D:4 |     151 |       0 |   0.0 |       5 |       0 |   0.0
            +---------+---------+-------+---------+---------+-------
